 Dungeon Crawl Stone Soup version 0.26-a0-812-g31a745ddcd (webtiles) character file.

Game seed: 12629418305882466145

2140 dracos369 the Spear-Bearer (level 9, 0/61 HPs)
             Began as a Merfolk Gladiator on Nov 19, 2020.
             Slain by Pikel
             ... wielding a +1 whip of flaming
              (1 damage)
             ... while paralysed by Pikel
             ... on level 6 of the Dungeon.
             The game lasted 00:16:43 (7305 turns).

dracos369 the Spear-Bearer (Merfolk Gladiator)      Turns: 7305, Time: 00:16:44

Health: 0/61       AC: 10    Str: 17    XL:     9   Next: 30%
Magic:  9/9        EV:  2    Int:  7    God:
Gold:   366        SH:  0    Dex: 16    Spells: 6/8 levels left

rFire    . . .     SeeInvis .   a - +1 trident
rCold    + . .     Faith    .   (no shield)
rNeg     . . .     Spirit   .   u - +0 chain mail
rPois    .         Reflect  .   c - +0 helmet
rElec    .         Harm     .   t - +0 cloak
rCorr    .         Rampage  .   (no gloves)
MR       .....                  (no boots)
Stlth    ..........             (no amulet)
HPRegen  0.20/turn              h - ring of protection from cold
MPRegen  0.11/turn              n - +4 ring of evasion

@: paralysed
A: change form in water, swift swim, stealthy swim
a: no special abilities


You were on level 6 of the Dungeon.
You visited 1 branch of the dungeon, and saw 6 of its levels.
You also visited: Sewer.

You collected 366 gold pieces.

Inventory:

Hand Weapons
 a - a +1 trident (weapon)
Missiles
 d - 4 throwing nets (quivered)
Armour
 c - a +0 helmet (worn)
 t - a +0 cloak (worn)
 u - a +0 chain mail (worn)
Jewellery
 h - a ring of protection from cold (left hand)
 n - a +4 ring of evasion (right hand)
Wands
 B - a wand of iceblast (7)
 C - a wand of disintegration (23)
 D - a wand of flame (24)
Scrolls
 e - 2 scrolls of immolation
 g - 6 scrolls of teleportation
 l - 5 scrolls of amnesia
 m - 2 scrolls of magic mapping
 o - 3 scrolls of remove curse
 v - a scroll of fog
 x - a scroll of noise {unknown}
 y - a scroll of summoning {unknown}
 z - a scroll of silence {unknown}
 A - a scroll of identify
 E - a scroll of fear
Potions
 b - a potion of resistance
 f - a potion of mutation
 j - a potion of magic
 k - 2 potions of ambrosia
 q - 3 potions of cancellation
 r - a potion of attraction
 s - 2 potions of lignification
 w - 2 potions of might {unknown}


   Skills:
 - Level 2.1 Fighting
 + Level 13.9 Polearms
 - Level 2.0 Throwing
 - Level 4.0 Dodging
 + Level 6.8 Summonings


You had 6 spell levels left.
You knew the following spells:

 Your Spells              Type           Power        Failure   Level
d - Call Imp              Summ           #.......     63%         2

Your spell library contained the following spells:

 Spells                   Type           Power        Failure   Level
 Summon Small Mammal      Summ           #...         47%         1
 Call Canine Familiar     Summ           #.......     85%         3
 Confusing Touch          Hex            #.......     100%        3
 Gell's Gravitas          Tloc           #.........   100%        3
 Summon Guardian Golem    Hex/Summ       #.......     100%        3
 Petrify                  Tmut/Erth      #.......     100%        4
 Summon Ice Beast         Ice/Summ       #.......     100%        4
 Summon Lightning Spire   Summ/Air       #.......     100%        4
 Metabolic Englaciation   Hex/Ice        #.........   100%        5
 Yara's Violent Unravell  Hex/Tmut       #.........   100%        5


Dungeon Overview and Level Annotations

Branches:
Dungeon (6/15)              Sewer (visited)
 Temple: D:4-7

Altars:
Qazlal
Trog
The Shining One

Annotations:
D:6 Pikel


Message History

The lemure is severely wounded.
The lemure hits you.
* * * LOW HITPOINT WARNING * * *
You miss the lemure.
The lemure is severely wounded.
You puncture the lemure!
The lemure is almost dead.
You closely miss Pikel. You hit Pikel but do no damage. You hit Pikel.
Pikel is lightly wounded.
A centaur zombie comes into view.
Pikel zaps a wand.
You suddenly lose the ability to move!
Pikel says, "You'll make a fine lemure."
Pikel hits you with a +1 whip of flaming.
* * * LOW HITPOINT WARNING * * *
Pikel burns you.
* * * LOW HITPOINT WARNING * * *
Pikel hits you with a +1 whip of flaming.
You die...

≈≈≈≈ #≈P≈P
#.≈≈≈;≈ ##
###..§≈PP≈
##..###.../§§§≈≈
#....@#5...§≈≈P.
#...##K5...≈.≈.(
#.....#h..#....^.
###..............
##.............
#.s.....Z.....
##.........##5
............#
...............


You could see Pikel, a lemure, a hound and a centaur zombie.

Vanquished Creatures
  A two-headed ogre (D:5)
  Sigmund (D:4)
  A sky beast (D:5)
  An ice beast (D:5)
  2 ogres (D:4)
  A centaur (D:5)
  2 big kobolds (Sewer)
  2 lemures (D:6)
  A bullfrog (D:4)
  A wyvern zombie (D:6)
  3 scorpions
  An electric eel (D:6)
  An iguana (D:5)
  3 worker ants
  3 hound skeletons
  A worker ant zombie (D:5)
  3 gnolls (D:5)
  13 adders
  4 river rats (Sewer)
  5 oozes (Sewer)
  An adder zombie (D:5)
  An adder skeleton (D:4)
  3 dart slugs
  6 worms
  7 leopard geckos
  12 orcs
  2 ball pythons
  7 giant cockroaches
  5 goblins
  9 hobgoblins
  8 jackals (D:4)
  3 quokkas
  6 bats
  5 frilled lizards
  A jackal zombie (D:6)
  12 kobolds
  A leopard gecko zombie (D:5)
  15 rats
154 creatures vanquished.

Vanquished Creatures (others)
  3 plants (D:6)
3 creatures vanquished.

Grand Total: 157 creatures vanquished

Notes
Turn   | Place    | Note
-------+----------+-------------------------------------------
     0 | D:1      | dracos369 the Merfolk Gladiator began the quest for the
                  | Orb.
     0 | D:1      | Reached XP level 1. HP: 16/16 MP: 1/1
     6 | D:1      | Noticed a black bear
     6 | D:1      | Noticed a black mamba
     6 | D:1      | Noticed a wyvern
     6 | D:1      | Noticed a wolf
     6 | D:1      | Noticed a redback
   252 | D:1      | Reached skill level 5 in Polearms
   258 | D:1      | Reached XP level 2. HP: 22/22 MP: 2/2
   624 | D:1      | Reached skill level 6 in Polearms
   624 | D:1      | Reached XP level 3. HP: 19/27 MP: 3/3
  1320 | D:2      | Reached XP level 4. HP: 27/33 MP: 4/4
  1392 | D:2      | Reached skill level 7 in Polearms
  1532 | D:2      | Found a glowing golden altar of the Shining One.
  2691 | D:3      | Reached skill level 8 in Polearms
  2692 | D:3      | Found a glowing drain.
  2699 | D:3      | Reached XP level 5. HP: 38/38 MP: 5/5
  2709 | Sewer    | Entered a sewer
  2938 | Sewer    | Noticed a big kobold
  2947 | Sewer    | Reached skill level 9 in Polearms
  2959 | Sewer    | Killed a big kobold
  2959 | Sewer    | Reached XP level 6. HP: 43/44 MP: 6/6
  3034 | Sewer    | Reached skill level 10 in Polearms
  4200 | D:4      | Learned a level 2 spell: Call Imp
  4328 | D:4      | Reached skill level 1 in Summonings
  4328 | D:4      | Reached XP level 7. HP: 11/50 MP: 7/7
  4646 | D:4      | Reached skill level 11 in Polearms
  4927 | D:4      | Found a bloodstained altar of Trog.
  5140 | D:4      | Noticed Sigmund
  5157 | D:4      | Killed Sigmund
  5382 | D:4      | Reached XP level 8. HP: 35/56 MP: 8/8
  5724 | D:5      | Entered Level 5 of the Dungeon
  5800 | D:5      | Reached skill level 12 in Polearms
  5822 | D:5      | Noticed a two-headed ogre
  5838 | D:5      | Killed a two-headed ogre
  5838 | D:5      | Reached skill level 13 in Polearms
  5838 | D:5      | Reached skill level 5 in Summonings
  6184 | D:5      | Reached XP level 9. HP: 53/61 MP: 9/9
  6671 | D:5      | Found a stormy altar of Qazlal.
  7276 | D:6      | Noticed Pikel
  7303 | D:6      | Paralysed by Pikel for 5 turns
  7304 | D:6      | HP: 3/61 [Pikel/+1 whip of flaming (4)]
  7304 | D:6      | HP: 1/61 [Pikel/+1 whip of flaming (2)]
  7305 | D:6      | Slain by Pikel

Illustrated notes

Levels and vault maps discovered:
D:1:      onia_arrival_zoo_common, layout_basic
D:2:      layout_basic, nicolae_overflow_hidden_temple
D:3:      layout_loops_ring, portal_sewer_entry_f
D:4:      layout_basic, kennysheep_mini, uniq_sigmund
D:5:      minmay_evil_eye, layout_gridville, nicolae_overflow_crystal_walls
D:6:      layout_cave_pools, lemuel_crystal_altar, lemuel_doored_altar,
          serial_bayou, serial_bayou_pond_e, serial_bayou_shore_a,
          serial_bayou_ford_a, serial_bayou_lagoon_a, uniq_pikel, uniq_grinder

Skill      XL: |  1  2  3  4  5  6  7  8 |
---------------+-------------------------+-----
Polearms       | 5 6 8 9 10 11 13 | 13.9
Summonings     | 1 3 6 |  6.8
Fighting       | |  2.1
Throwing       | |  2.0
Dodging        | |  4.0

Action                   |  1- 3 |  4- 6 |  7- 9 || total
-------------------------+-------+-------+-------++-------
Melee: Trident           |   113 |   234 |   292 ||   639
       Tailslap          |       |    17 |       ||    17
Evoke: Wand              |       |       |     2 ||     2
  Use: Scroll            |       |    12 |     5 ||    17
       Potion            |       |     1 |     2 ||     3
 Stab: Sleeping          |     1 |     5 |     2 ||     8
Armor: Leather armour    |    21 |    19 |    10 ||    50
       Chain mail        |       |       |    39 ||    39
Dodge: Dodged            |    58 |   107 |    97 ||   262

Table legend: (Time is in decaauts)
 A = Elapsed time spent in this place.
 B = Non-inter-level travel time spent in this place.
 C = Inter-level travel time spent in this place.
 D = Time resting spent in this place.
 E = Time spent auto-exploring this place.
 F = Levels seen in this place.
 G = Mean time per level.
                   A        B        C        D        E       F      G
               +--------+--------+--------+--------+--------+-----+--------+
         Total |   7071 |   6531 |    540 |    570 |   4936 |   7 | 1010.1 |
       Dungeon |   6511 |   5971 |    540 |    570 |   4536 |   6 | 1085.2 |
         Sewer |    559 |    559 |      0 |      0 |    400 |   1 |  559.0 |
               +--------+--------+--------+--------+--------+-----+--------+

Top non-repeatable levels by time:
     D:5: 1443 daAuts
     D:4: 1409 daAuts
     D:2: 1340 daAuts
     D:1: 1202 daAuts
     D:3: 1066 daAuts
   Sewer: 559 daAuts
     D:6: 49 daAuts
